 Dungeon Crawl Stone Soup version 0.24-a0-451-g263dff2034 (webtiles) character file.

Game seed: 15783776586103614515

7872 Krouwed the Quickloader (level 11, -3/89 HPs)
             Began as a Human Hunter on June 25, 2019.
             Was an Elder of Okawaru.
             Shot with an arrow by a centaur (9 damage)
             ... on level 11 of the Dungeon on June 26, 2019.
             The game lasted 00:40:26 (12475 turns).

Krouwed the Quickloader (Human Hunter)             Turns: 12475, Time: 00:40:27

Health: -3/89      AC:  8    Str: 23    XL:     11   Next: 45%
Magic:  0/14       EV:  8    Int: 16    God:    Okawaru [****..]
Gold:   204        SH:  6    Dex: 13    Spells: 10/10 levels left

rFire    . . .     SeeInvis .   a - +2 hand crossbow
rCold    . . .     Gourm    .   i - +1 buckler
rNeg     . . .     Faith    .   N - +0 chain mail
rPois    .         Spirit   +   I - +2 helmet {Int+3}
rElec    .         Reflect  .   R - scarf {Spirit}
rCorr    .         Harm     .   Q - +0 pair of gloves
MR       .....                  (no boots)
Stlth    ..........             (no amulet)
HPRegen  0.24/turn              g - +6 ring of strength
MPRegen  0.14/turn              x - +2 ring of strength

@: corroded
A: no striking features
a: Heroism, Renounce Religion


You were on level 11 of the Dungeon.
You worshipped Okawaru.
Okawaru was greatly pleased with you.
You were hungry.

You visited 2 branches of the dungeon, and saw 12 of its levels.
You also visited: Ossuary.

You collected 564 gold pieces.
You spent 360 gold pieces at shops.

Inventory:

Hand Weapons
 a - a +2 hand crossbow (weapon)
 b - a +2 whip of electrocution
Missiles
 d - 35 bolts (quivered)
 v - 61 poisoned darts
Armour
 i - a +1 buckler (worn)
 t - a +0 cloak
 B - a +0 shield
 I - a +2 helmet of intelligence (worn)
 N - a +0 chain mail (worn)
 Q - a +0 pair of gloves (worn)
 R - a scarf of spirit shield (worn)
Jewellery
 g - a +6 ring of strength (left hand)
 s - an uncursed ring of fire
 x - a +2 ring of strength (right hand)
 K - an uncursed amulet of harm
 M - an uncursed ring of magical power
Wands
 o - a wand of flame (27)
 y - a wand of iceblast (7)
 A - a wand of random effects (36)
 P - a wand of paralysis (8)
 T - a wand of clouds (7)
Scrolls
 j - 5 scrolls of enchant armour
 l - a scroll of teleportation
 n - a scroll of holy word {unknown}
 q - 10 scrolls of remove curse
 z - a scroll of silence {unknown}
 E - a scroll of fog {unknown}
 F - a scroll of summoning {unknown}
 G - 4 scrolls of amnesia {unknown}
 H - a scroll of magic mapping {unknown}
 J - 3 scrolls of brand weapon {unknown}
 O - 2 scrolls of identify
 U - 2 scrolls of enchant weapon
Potions
 c - 2 potions of lignification
 e - 2 potions of flight {unknown}
 h - a potion of brilliance {unknown}
 k - 8 potions of curing
 m - a potion of cancellation {unknown}
 p - 2 potions of resistance
 r - 4 potions of ambrosia {unknown}
 u - 2 potions of heal wounds
 w - 3 potions of haste {unknown}
 C - 3 potions of might {unknown}
 D - 2 potions of mutation {unknown}
 L - 3 potions of degeneration
Miscellaneous
 S - a box of beasts
Comestibles
 f - 11 rations


   Skills:
 - Level 9.1 Fighting
 + Level 9.7 Maces & Flails
 - Level 10.0 Crossbows
 - Level 2.0 Dodging
 - Level 1.0 Stealth
 - Level 4.0 Shields
 - Level 4.3 Invocations


You had 10 spell levels left.
You didn't know any spells.
Your spell library contained the following spells:

 Spells                   Type           Power        Failure   Level  Hunger
 Animate Skeleton         Necr           N/A          93%         1    ##.....
 Apportation              Tloc           #.....       93%         1    ##.....
 Confusing Touch          Hex            #.....       93%         1    ##.....
 Summon Small Mammal      Summ           #...         93%         1    ##.....
 Confuse                  Hex            #.......     100%        3    ####...
 Gell's Gravitas          Tloc           #.........   100%        3    ####...
 Petrify                  Tmut/Erth      #.......     100%        4    #####..
 Metabolic Englaciation   Hex/Ice        #.........   100%        5    ######.
 Yara's Violent Unravell  Hex/Tmut       #.........   100%        5    ######.


Dungeon Overview and Level Annotations

Branches:
Dungeon (11/15)            Temple (1/1) D:4            Lair (0/6) D:9
    Orc: D:9-12

Altars:
Ashenzari
Cheibriados
Dithmenos
Elyvilon
Fedhas
Gozag
Hepliaklqana
Kikubaaqudgha
Makhleb
Nemelex Xobeh
Okawaru
Qazlal
Ru
Sif Muna
Trog
Uskayaw
Vehumet
Wu Jian
Xom
Yredelemnul
Zin
The Shining One

Shops:
D:9 [   D:10 :

Annotations:
D:7 1 runed translucent door, exclusion: door, Crazy Yiuf


Message History

The kobold demonologist hits you but does no damage.
Your surroundings suddenly seem different.
The centaur shouts! x3
The centaur wields a +0 shortbow.
The centaur shoots an arrow.
The arrow barely misses you.
The centaur shoots an arrow.
The arrow closely misses you.
The arrow hits the two-headed ogre.
The centaur wields a +0 shortbow.
The centaur shoots an arrow.
The arrow hits you but does no damage.
The centaur wields a +0 shortbow.
The centaur shoots an arrow.
The arrow hits you.
The two-headed ogre hits you with a +0 giant spiked club!
* * * LOW HITPOINT WARNING * * *
The two-headed ogre hits you with a +0 giant club!
* * * LOW HITPOINT WARNING * * *
The centaur unwields a +0 shortbow.
You block the centaur's attack.
You see here 2 arrows.
As you read the scroll labeled ZIAHO XAATZ, it crumbles to dust.
It is a scroll of enchant armour.
Your +0 buckler glows green for a moment.
The centaur shoots an arrow.
The arrow hits you!
You die...

......# #....#...##.#.
#....####(..........#.
#.................c(#.
#######........(u.......cFcO
#...............(##......c#.
#..........((.(..##....>..'.
#.......[.cc..c..##.....(.##
####.....(c......##.#......
#......O@.c...## #...#.#
#...(..c......# #...#.#
#........(....# #...#.
#....##########
#......<.......
#....##########
##'#......#[.. #.#.####.##.#
#.#......##.#


You could see a brown ugly thing, a two-headed ogre and 6 centaurs.

Vanquished Creatures
  2 two-headed ogres
  Pikel (D:6)
  A hornet (D:9)
  Prince Ribbit (D:7)
  Grinder (D:5)
  A spriggan (D:6)
  A yak (D:9)
  A shadow (D:7)
  3 hungry ghosts
  Menkaure (D:5)
  2 porcupines
  2 sky beasts
  A slave (D:6)
  2 black bears (D:9)
  2 ice beasts
  3 orc warriors
  An ogre (D:5)
  3 centaurs
  A crocodile (D:8)
  2 big kobolds (D:7)
  7 bullfrogs
  A wyvern skeleton (D:9)
  2 scorpions (D:9)
  8 killer bees
  4 wights (D:6)
  3 howler monkeys
  5 crimson imps
  A bullfrog zombie (D:9)
  A hound (D:9)
  2 centaur skeletons
  5 orc priests
  A jelly (D:6)
  3 bullfrog skeletons
  2 gnoll shamans
  3 iguanas
  7 orc wizards
  8 worker ants
  A hound zombie (D:7)
  3 mummies (Ossuary)
  2 hound skeletons
  2 worker ant zombies
  15 gnolls
  9 adders
  2 shadow imps (D:6)
  An ooze (D:2)
  6 adder zombies
  An adder skeleton (D:4)
  A worm (D:2)
  5 dart slugs
  3 leopard geckos
  36 orcs
  2 ball pythons
  7 bats
  3 giant cockroaches
  7 goblins
  10 hobgoblins
  7 jackals
  19 kobolds
  2 quokkas
  3 frilled lizards
  5 goblin zombies (Ossuary)
  3 hobgoblin zombies (Ossuary)
  2 leopard gecko skeletons
  4 quokka zombies
  11 rats
  2 rat zombies (Ossuary)
  A spectral orc (D:5)
270 creatures vanquished.

Vanquished Creatures (others)
  A necrophage (D:6)
  A slave (D:6)
  A hound (D:6)
  A worker ant (D:6)
  An adder (D:6)
  15 fungi (D:9)
  9 plants (D:9)
29 creatures vanquished.

Grand Total: 299 creatures vanquished

Notes
Turn   | Place    | Note
-------+----------+-------------------------------------------
     0 | D:1      | Krouwed the Human Hunter began the quest for the Orb.
     0 | D:1      | Reached XP level 1. HP: 16/16 MP: 1/1
   101 | D:1      | Reached XP level 2. HP: 16/22 MP: 2/2
   484 | D:1      | Reached XP level 3. HP: 11/27 MP: 3/3
  1087 | D:1      | Reached skill level 5 in Crossbows
  1505 | D:2      | Reached XP level 4. HP: 33/33 MP: 4/4
  1799 | D:2      | Found a faded altar of an unknown god.
  1890 | D:2      | Reached XP level 5. HP: 38/38 MP: 5/5
  2046 | D:3      | Reached skill level 6 in Crossbows
  2222 | D:3      | Found a white marble altar of Elyvilon.
  2685 | D:5      | Entered Level 5 of the Dungeon
  2697 | D:5      | Noticed a sky beast
  2712 | D:5      | Killed a sky beast
  2712 | D:5      | Reached XP level 6. HP: 12/46 MP: 6/6
  2948 | D:5      | Reached skill level 7 in Crossbows
  3021 | D:4      | Reached XP level 7. HP: 49/52 MP: 7/7
  3595 | D:4      | Found a staircase to the Ecumenical Temple.
  3636 | Temple   | Entered the Ecumenical Temple
  3653 | Temple   | Became a worshipper of Warmaster Okawaru
  4350 | D:5      | Noticed Grinder
  4355 | D:5      | Paralysed by Grinder for 2 turns
  4361 | D:5      | Killed Grinder
  4361 | D:5      | Reached skill level 5 in Fighting
  4361 | D:5      | Reached skill level 8 in Crossbows
  4361 | D:5      | Reached XP level 8. HP: 62/62 MP: 8/8
  4523 | D:5      | Noticed Menkaure
  4529 | D:5      | Killed Menkaure
  4529 | D:5      | Reached * piety under Okawaru
  4586 | D:5      | Found a basalt altar of Yredelemnul.
  4675 | D:6      | Found a sand-covered staircase.
  4702 | Ossuary  | Entered an ossuary
  5199 | D:6      | Noticed Pikel
  5212 | D:6      | Killed Pikel
  5212 | D:6      | Reached ** piety under Okawaru
  5212 | D:6      | Reached skill level 9 in Crossbows
  5212 | D:6      | Reached XP level 9. HP: 20/71 MP: 7/9
  5819 | D:6      | Found a blossoming altar of Fedhas.
  6447 | D:7      | Reached *** piety under Okawaru
  6483 | D:7      | Noticed Prince Ribbit
  6510 | D:7      | Killed Prince Ribbit
  6510 | D:7      | Reached skill level 1 in Maces & Flails
  6533 | D:6      | Reached skill level 10 in Crossbows
  6906 | D:6      | Received a gift from Okawaru
  6906 | D:6      | Reached skill level 1 in Invocations
  7180 | D:7      | Found a glowing golden altar of the Shining One.
  7199 | D:7      | Found a snail-covered altar of Cheibriados.
  7200 | D:7      | Found a shimmering altar of Xom.
  7271 | D:7      | Reached XP level 10. HP: 59/82 MP: 11/11
  8004 | D:7      | Found a runed translucent door.
  8005 | D:7      | Noticed Crazy Yiuf
  8044 | D:8      | Found a radiant altar of Vehumet.
  9023 | D:8      | Reached skill level 5 in Maces & Flails
  9656 | D:8      | Reached **** piety under Okawaru
  9699 | D:9      | Found a staircase to the Lair.
  9699 | D:9      | Noticed a two-headed ogre
 10411 | D:9      | Found Lamam's Antique Armour Boutique.
 10466 | D:9      | Bought a runed helmet for 225 gold pieces
 10549 | D:9      | Found a hazy altar of Hepliaklqana.
 10574 | D:9      | Bought a buckler for 135 gold pieces
 10638 | D:9      | Reached skill level 1 in Shields
 10780 | D:8      | Killed a two-headed ogre
 10780 | D:8      | Reached XP level 11. HP: 33/89 MP: 9/14
 11271 | D:9      | Found a sparkling altar of Nemelex Xobeh.
 11391 | D:9      | Received a gift from Okawaru
 11562 | D:10     | Entered Level 10 of the Dungeon
 11599 | D:10     | Noticed a two-headed ogre
 11607 | D:10     | Killed a two-headed ogre
 11646 | D:10     | Found Fabus's Book Emporium.
 11702 | D:10     | Received a gift from Okawaru
 12433 | D:11     | Noticed a two-headed ogre
 12438 | D:11     | Noticed a brown ugly thing
 12473 | D:11     | Noticed a two-headed ogre
 12475 | D:11     | Shot with an arrow by a centaur

Levels and vault maps discovered:
D:1:      dpeg_arrival_subterranean_lakeside_camping, layout_basic,
          minmay_misc_feat_x
D:2:      layout_rooms, first_ration, chequers_ecumenical_altar_simple_redux
D:3:      layout_rooms, lemuel_crystal_altar
D:4:      layout_gridville, minmay_temple_entry_mist
D:5:      layout_basic, yredelemnul_forgotten_temple_becter, uniq_grinder,
          uniq_menkaure
D:6:      layout_layer_cave, fedhas_altar_3, nicolae_ossuary_entry_plus,
          uniq_pikel
D:7:      layout_rooms, minitemple, the_bakery, uniq_prince_ribbit1,
          uniq_crazy_yiuf_cottage
D:8:      layout_loops_cross, vehumet_altar_wand_db,
          kennysheep_decorative_pillar
D:9:      layout_small_grid, marbit_many_paths, due_lair_maze_entry_diamond,
          basic_altar, serial_shops, nicolae_shop_overgrown_old_shop
D:10:     layout_basic, serial_shops, shop_fountains
D:11:     layout_basic, jiyva_altar_1
Temple:   jpeg_temple_clearing

Skill      XL: |  1  2  3  4  5  6  7  8  9 10 11 |
---------------+----------------------------------+-----
Crossbows      | 5 6 7 8 9 10 | 10.0
Fighting       | 3 5 6 8 9 |  9.1
Maces & Flails | 3 8 9 |  9.7
Invocations    | 2 4 |  4.3
Shields        | 2 4 |  4.0
Dodging        | |  2.0
Stealth        | |  1.0

Action                   |  1- 3 |  4- 6 |  7- 9 | 10-12 || total
-------------------------+-------+-------+-------+-------++-------
Melee: Short sword       |    57 |       |       |       ||    57
       Dagger            |     4 |   129 |    56 |       ||   189
       Scimitar          |       |       |    31 |       ||    31
       Whip              |       |       |   151 |   183 ||   334
 Fire: Hand crossbow     |    39 |    44 |   136 |   199 ||   418
Throw: Dart              |       |       |    11 |    28 ||    39
Invok: Heroism           |       |       |     4 |    16 ||    20
  Use: Scroll            |     1 |     1 |    10 |     9 ||    21
       Potion            |       |       |     2 |     2 ||     4
 Stab: Sleeping          |     2 |       |       |       ||     2
  Eat: Ration            |     1 |       |     1 |     4 ||     6
       Chunk             |       |     2 |    11 |    14 ||    27
Armor: Scale mail        |    39 |    56 |   104 |       ||   199
       Leather armour    |     4 |       |    36 |    23 ||    63
       Chain mail        |       |       |       |   105 ||   105
Dodge: Dodged            |    42 |    59 |   186 |   168 ||   455
Block: Buckler           |       |       |       |    28 ||    28
       Rpst.: Scimitar   |       |       |     5 |       ||     5

Table legend:
 A = Non-vault XP
 B = Vault XP
 C = Vault XP percentage of total XP
 D = Non-vault monster count
 E = Vault monster count
 F = Vault count percentage of total count
                 A         B        C        D         E       F
            +---------+---------+-------+---------+---------+-------
      Total |    8507 |    2739 |  24.4 |     226 |      43 |  16.0
            +---------+---------+-------+---------+---------+-------
        D:1 |      34 |      10 |  22.7 |      18 |       6 |  25.0
        D:2 |      96 |       0 |   0.0 |      22 |       0 |   0.0
        D:3 |      57 |       0 |   0.0 |      18 |       0 |   0.0
        D:4 |     267 |       0 |   0.0 |      20 |       0 |   0.0
        D:5 |     383 |     450 |  54.0 |      11 |       3 |  21.4
        D:6 |     870 |     813 |  48.3 |      26 |       2 |   7.1
        D:7 |    1202 |     288 |  19.3 |      38 |       2 |   5.0
        D:8 |    2277 |     329 |  12.6 |      38 |       3 |   7.3
        D:9 |    1887 |     747 |  28.4 |      24 |       6 |  20.0
       D:10 |    1338 |       0 |   0.0 |      10 |       0 |   0.0
       D:11 |      96 |       0 |   0.0 |       1 |       0 |   0.0
    Ossuary |       0 |     102 | 100.0 |       0 |      21 | 100.0
            +---------+---------+-------+---------+---------+-------
